 Dungeon Crawl Stone Soup version 0.30.0-5-g1a98f26d00 (webtiles) character file.

Game seed: 17324261891116769393

69 Sanktem7 the Trooper (level 4, -1/40 HPs)
             Began as a Minotaur Fighter on May 12, 2023.
             Slain by Terence
             ... wielding a +1 flail of pain
              (3 damage)
             ... on level 3 of the Dungeon.
             The game lasted 00:03:53 (1509 turns).

Sanktem7 the Trooper (Minotaur Fighter)             Turns: 1509, Time: 00:03:54

Health: -1/40      AC: 10    Str: 22    XL:     4   Next: 2%
Magic:  3/3        EV:  8    Int:  5    God:
Gold:   76         SH:  4    Dex: 10    Spells: 3/3 levels left

rFire   . . .        a - +0 war axe {axe}
rCold   . . .        c - +0 buckler
rNeg    . . .        k - +0 chain mail
rPois   .            (helmet restricted)
rElec   .            (no cloak)
rCorr   .            (no gloves)
SInv    .            g - +0 pair of boots
Will    .....        (no amulet) Stlth
                     (no ring)
HPRegen 0.26/turn    (no ring)
MPRegen 0.08/turn

%: no passive effects
@: no status effects
A: horns 2, retaliatory headbutt
a: no special abilities


You were on level 3 of the Dungeon.
You visited 1 branch of the dungeon, and saw 3 of its levels.

You collected 76 gold pieces.


Innate Abilities, Weirdness & Mutations

You have a pair of horns on your head.
You reflexively headbutt those who attack you in melee.


   Skills:
 + Level 4.2 Fighting
 * Level 3.8 Axes
 + Level 4.2 Armour
 + Level 4.1 Shields


You had 3 spell levels left.
You didn't know any spells.
Your spell library was empty.

Inventory:

Hand Weapons
 a - a +0 war axe (weapon) {axe}
Missiles
 f - 14 stones (quivered) {throwing}
 i - 4 atropa-tipped darts {throwing}
Armour
 c - a +0 buckler (worn)
 g - a +0 pair of boots (worn)
   (You found it on level 1 of the Dungeon)
 k - a +0 chain mail (worn)
   (You found it on level 2 of the Dungeon)
Jewellery
 l - a ring of willpower
   (You found it on level 2 of the Dungeon)
Wands
 m - a wand of polymorph (5)
   (You found it on level 2 of the Dungeon)
Scrolls
 b - a scroll of magic mapping {unknown}
 e - a scroll of noise {unknown}
 h - 3 scrolls of identify {unknown}
 q - a scroll of enchant armour {unknown}
 s - a scroll of teleportation {unknown}
Potions
 d - 2 potions of might
 j - 3 potions of mutation {unknown}
 n - a potion of resistance {unknown}
 o - a potion of attraction {unknown}
 p - a potion of brilliance {unknown}
 r - 2 potions of flight {unknown}
 t - a potion of berserk rage {unknown}

Dungeon Overview and Level Annotations

Branches:
Dungeon (3/15) Zot: 16459

Altars:

Annotations:
D:3 Terence

#..g# ##
######...######..#
#..................
...................
................#.
#.###.#...#.###.# #
#.#...#.# #
#.#..†#)# #.#...#@#
#.#...#<# #.......#
#.##.##.# #. #. #.#
# #) #.# .. ... #.
#.# .. <.#


There were no monsters in sight!


Message History

You climb downwards.
You hear the sound of rushing water.
There is an entrance to a sewer on this level.
Hurry and find it before the portal rusts away!
Found a stone staircase leading up.
There is a stone staircase leading up here.
You barely miss the rat. The rat bites you. 😕 HP[-1]
You take 1 damage, and now have 32/33 hp.
You hit the rat.
You kill the rat!
A bat and a quokka come into view.
The bat hits you but does no damage. You block the bat's attack. 😎 HP[+1]
Your hp is fully restored (33).
You barely miss the bat. Your headbutt misses the bat.
The bat barely misses you.
The quokka bites you but does no damage.
You slash the quokka!
You kill the quokka!
You closely miss the bat. The bat hits you but does no damage.
The bat barely misses you.
You barely miss the bat. You headbutt the bat.
You kill the bat!
Things that are here:
a bat corpse; a quokka corpse
h - 3 scrolls labelled KUYXAG BIESE (gained 1) Terence and a goblin come into view.
Terence is wielding a +1 flail of pain and wearing a +3 scale mail of fire resistance.
Terence shouts!
An orc comes into view. It is wielding a +0 hand axe.
A goblin comes into view. It is wielding a +0 dagger.
The goblin shouts!
The orc shouts!
You hear a shout! x3
A goblin comes into view. It is wielding a +0 club.
An orc comes into view. It is wielding a +0 war axe.
Terence drinks a potion.
Terence flickers and vanishes!
Deactivating autopickup; reactivate with Ctrl-A.
There is a stone staircase leading up here.
There is a stone staircase leading up here.
The goblin hits you but does no damage.
You completely miss the goblin.
The goblin hits you with a +0 club. 😕 HP[-2]
You take 2 damage, and now have 31/33 hp.
You closely miss the goblin. Your headbutt misses the goblin.
The goblin barely misses you. You furiously retaliate!
You headbutt the goblin, but do no damage.
The goblin hits you but does no damage.
You closely miss the goblin.
The goblin hits you but does no damage. 😕 HP[+1]
You closely miss the goblin. Your headbutt misses the goblin.
You closely miss something. The goblin barely misses you. Something hits you!
You writhe in agony. 😮 HP[-8]
You take 8 damage, and now have 24/33 hp.
MASSIVE DAMAGE!! (PAUSE)
You hit the goblin.
You kill the goblin!
You miss something. Something hits you. Something hits you!
* * * LOW HITPOINT WARNING * * *
The orc closely misses you. 😨 HP[-8]
You take 8 damage, and now have 16/33 hp.
MASSIVE DAMAGE!! (PAUSE)
You closely miss the orc. You headbutt the orc!
You kill the orc!
You closely miss something. Something hits you.
* * * LOW HITPOINT WARNING * * *
😨 HP[-5]
You take 5 damage, and now have 11/33 hp.
You hit the goblin. Your headbutt misses the goblin.
You closely miss something. The goblin hits you but does no damage.
Something hits you but does no damage.
You slash the goblin!
You kill the goblin!
You miss something. Something hits you but does no damage.
You writhe in agony.
* * * LOW HITPOINT WARNING * * *
Something hits you.
* * * LOW HITPOINT WARNING * * *
The goblin hits you with a +0 dagger.
* * * LOW HITPOINT WARNING * * *
You have reached level 4!
You feel agile. 😱 HP[-7] MP[+1]
You now have 40 max hp (+7).
Your mp is fully restored (3).
You slash the goblin!
You kill the goblin!
You barely miss something. Something hits you.
* * * LOW HITPOINT WARNING * * *
😱 HP[-1]
You take 1 damage, and now have 3/40 hp.
You start resting.
You block something's attack.
You start resting.
Something hits you.
* * * LOW HITPOINT WARNING * * *
😱 HP[-1]
You take 1 damage, and now have 2/40 hp.
You start resting.
You hear the slow rusting of a very distant drain.
Something hits you.
You die...

Skill      XL: |  1  2 |
---------------+-------+-----
Axes           | 3 |  3.8
Fighting       | 4 |  4.2
Armour         | 4 |  4.2
Shields        | 4 |  4.1

Action                     |  1- 3 |  4- 6 || total
---------------------------+-------+-------++-------
  Melee: War axe           |    84 |     1 ||    85
         Headbutt          |    15 |       ||    15
 Armour: Scale mail        |    20 |       ||    20
         Chain mail        |    36 |       ||    36
  Dodge: Dodged            |    28 |       ||    28
  Block: Buckler           |    10 |     1 ||    11

Levels and vault maps discovered:
D:1:      dpeg_arrival_round_a, layout_loops_cross
D:2:      minmay_wonky_spiral, layout_basic, kennysheep_generic_room_11
D:3:      layout_loops_cross, lightli_sewer_entry_pipes,
          hangedman_decor_growths, minmay_three_crescents, uniq_jessica,
          uniq_natasha, uniq_terence, uniq_ijyb, uniq_robin

Notes
Turn   | Place    | Note
-------+----------+-------------------------------------------
     0 | D:1      | Sanktem7 the Minotaur Fighter began the quest for the Orb.
     0 | D:1      | Reached XP level 1. HP: 19/19 MP: 0/0
     0 | D:1      | magus.rc [v1.9.6]
   422 | D:1      | Reached XP level 2. HP: 27/27 MP: 1/1
   714 | D:2      | Reached skill level 3 in Axes
   963 | D:2      | Reached skill level 4 in Fighting
   963 | D:2      | Reached skill level 4 in Armour
   963 | D:2      | Reached skill level 4 in Shields
   963 | D:2      | Reached XP level 3. HP: 33/33 MP: 2/2
  1482 | D:3      | Noticed Terence
  1505 | D:3      | HP: 5/33 [something (5)]
  1506 | D:3      | Reached XP level 4. HP: 4/40 MP: 3/3
  1508 | D:3      | HP: 2/40 [something (1)]
  1509 | D:3      | Slain by Terence

Vanquished Creatures
  3 adders (D:2)
  2 worms (D:2)
  A dart slug (D:2)
  An orc (D:3)
  4 ball pythons
  2 endoplasms
  A giant cockroach (D:2)
  5 goblins
  A jackal (D:2)
  A kobold (D:1)
  2 quokkas
  3 bats
  A frilled lizard (D:2)
  7 rats
34 creatures vanquished.

Table legend:
 A = Non-vault XP
 B = Vault XP
 C = Vault XP percentage of total XP
 D = Non-vault monster count
 E = Vault monster count
 F = Vault count percentage of total count
                 A         B        C        D         E       F
            +---------+---------+-------+---------+---------+-------
      Total |      74 |      25 |  25.3 |      26 |       8 |  23.5
            +---------+---------+-------+---------+---------+-------
        D:1 |      15 |       0 |   0.0 |      10 |       0 |   0.0
        D:2 |      51 |      19 |  27.1 |      12 |       5 |  29.4
        D:3 |       8 |       6 |  42.9 |       4 |       3 |  42.9
            +---------+---------+-------+---------+---------+-------

Skill      XL: |  1  2 |
---------------+-------+-----
Axes           | 3 |  3.8
Fighting       | 4 |  4.2
Armour         | 4 |  4.2
Shields        | 4 |  4.1

Action                     |  1- 3 |  4- 6 || total
---------------------------+-------+-------++-------
  Melee: War axe           |    84 |     1 ||    85
         Headbutt          |    15 |       ||    15
 Armour: Scale mail        |    20 |       ||    20
         Chain mail        |    36 |       ||    36
  Dodge: Dodged            |    28 |       ||    28
  Block: Buckler           |    10 |     1 ||    11

Illustrated notes

Table legend:
 A = Kills in this place as a percentage of kills in the entire game.
 B = Kills by you in this place as a percentage of kills by you in the entire game.
 C = Kills by friends in this place as a percentage of kills by friends in the entire game.
 D = Other kills in this place as a percentage of other kills in the entire game.
 E = Experience gained in this place as a percentage of experience gained in the entire game.
 F = Experience gained in this place divided by the number of levels of this place that you have seen.
                   A       B       C       D       E      F
               +-------+-------+-------+-------+-------+----------------------
         Total | 100.0 | 100.0 |   N/A |   N/A | 100.0 |  33.0
       Dungeon | 100.0 | 100.0 |   N/A |   N/A | 100.0 |  33.0
               +-------+-------+-------+-------+-------+----------------------

Table legend: (Time is in decaauts)
 A = Elapsed time spent in this place.
 B = Non-inter-level travel time spent in this place.
 C = Inter-level travel time spent in this place.
 D = Time resting spent in this place.
 E = Time spent auto-exploring this place.
 F = Levels seen in this place.
 G = Mean time per level.
                   A        B        C        D        E       F      G
               +--------+--------+--------+--------+--------+-----+--------+
         Total |   1539 |   1484 |     55 |      0 |   1219 |   3 |  513.0 |
       Dungeon |   1539 |   1484 |     55 |      0 |   1219 |   3 |  513.0 |
               +--------+--------+--------+--------+--------+-----+--------+

Top non-repeatable levels by time:
     D:2: 796 daAuts
     D:1: 693 daAuts
     D:3: 49 daAuts
